 Dungeon Crawl Stone Soup version 0.31.0-32-g396128a36d (webtiles) character file.

Game seed: 11154053166183566030

279502 bearlyready the Axe Maniac (level 20, -6/289 HPs)
             Began as a Hill Orc Berserker on Mar 24, 2024.
             Was the Champion of Trog.
             Mangled by a naga warrior
             ... wielding a +0 battleaxe
              (24 damage)
             ... on level 4 of the Snake Pit.
             The game lasted 01:12:07 (48590 turns).

bearlyready the Axe Maniac (Hill Orc Berserker)    Turns: 48590, Time: 01:12:07

Health: -6/289     AC: 27    Str: 32    XL:     20   Next: 85%
Magic:  0/20       EV: 15    Int: 11    God:    Trog [******]
Gold:   464        SH:  0    Dex: 10    Spells: 19/19 levels left

rFire   + . .        s - +9 executioner's axe (freeze)
rCold   + . .        (shield currently unavailable)
rNeg    + + .        X - +4 scale mail {rPois}
rPois   +            H - +5 hat of Failure {+Blink rN+ rCorr Str+3}
rElec   +            W - scarf {rC+ rF+}
rCorr   +            t - +2 pair of gloves {hurl}
SInv    +            Z - +2 pair of boots {Fly}
Will    +....        k - amulet of guardian spirit Stlth
                     u - ring of Torghosh {rElec rN+ Int+4 SInv}
HPRegen 0.68/turn    A - +5 ring of evasion
MPRegen 0.17/turn

%: guardian spirit
@: berserking (expiring), lethally poisoned (-6 -> -7), flying, slowed,
constricted, studying 3 skills
A: no striking features
}: 1/15 runes: barnacled
a: Renounce Religion, Evoke Blink, Berserk, Trog's Hand, Brothers in Arms


You were on level 4 of the Snake Pit.
You worshipped Trog.
Trog was exalted by your worship.
You visited 7 branches of the dungeon, and saw 34 of its levels.
You visited the Abyss 2 times.
You also visited: Bailey and Ice Cave.

You collected 5197 gold pieces.
You spent 4733 gold pieces at shops.

Inventory:

Hand Weapons
 s - a +9 executioner's axe of freezing (weapon)
 F - the +11 battleaxe "Geokk" {antimagic, +Blink rPois}
   (Trog gifted it to you on level 2 of the Snake Pit)

   rPois:     It protects you from poison +Blink: It lets you blink.
Missiles
 i - 11 silver javelins
 v - 10 javelins
 J - 65 boomerangs (quivered)
 O - 3 curare-tipped darts
 Y - 3 throwing nets
Armour
 t - a +2 pair of gloves of hurling (worn)
 H - the +5 hat of Failure (worn) {+Blink rN+ rCorr Str+3}
   (You found it on level 8 of the Dungeon)

   Str+3:     It affects your strength (+3).
   rN+:       It protects you from negative energy.
   +Blink:    It lets you blink.
   rCorr:     It protects you from acid and corrosion.
 W - a scarf of resistance (worn)
 X - a +4 scale mail of poison resistance (worn)
 Z - a +2 pair of boots of flying (worn)
Jewellery
 k - an amulet of guardian spirit (around neck)
 u - the ring of Torghosh (left hand) {rElec rN+ Int+4 SInv}
   (You found it on level 10 of the Dungeon)

   [ring of positive energy]

   Int+4:     It affects your intelligence (+4).
   rElec:     It insulates you from electricity.
   rN+:       It protects you from negative energy.
   SInv:      It lets you see invisible.
 x - a +4 ring of protection
 A - a +5 ring of evasion (right hand)
 M - the amulet "Ympupus" {RegenMP rF++}
   (You found it on level 13 of the Dungeon)

   [amulet of magic regeneration]

   RegenMP:   It increases your rate of magic regeneration.
   rF++:      It greatly protects you from fire.
Wands
 c - a wand of paralysis (12)
 p - a wand of mindburst (15)
 z - a wand of roots (34)
 Q - a wand of digging (9)
 R - a wand of polymorph (13)
 S - a wand of flame (63)
Scrolls
 a - 10 scrolls of teleportation
 b - 7 scrolls of revelation
 e - a scroll of silence
 h - 5 scrolls of blinking
 l - 8 scrolls of fear
 n - 6 scrolls of fog
 G - 9 scrolls of enchant armour
 L - 3 scrolls of summoning
 T - 2 scrolls of enchant weapon
Potions
 d - 7 potions of enlightenment
 f - 11 potions of heal wounds
 g - 13 potions of curing
 j - 3 potions of lignification
 m - 12 potions of degeneration
 o - 6 potions of brilliance
 q - 5 potions of mutation
 B - a potion of might
 D - 3 potions of magic
 I - 3 potions of attraction
 K - 10 potions of ambrosia
 N - 10 potions of haste
 P - 5 potions of invisibility
 U - 3 potions of resistance
 V - 2 potions of cancellation
Miscellaneous
 r - a phantom mirror (inert)
 w - a condenser vane
 y - a lightning rod (4/4)
 C - a sack of spiders
 E - a phial of floods


   Skills:
 + Level 20.2 Fighting
 O Level 27 Axes
 + Level 9.3 Throwing
 + Level 17.8 Armour
 - Level 7.0 Dodging
 + Level 17.3 Evocations


You had 19 spell levels left.
You didn't know any spells.
Your spell library was empty.

Dungeon Overview and Level Annotations

Branches:
Dungeon (15/15)            Temple (1/1) D:6            Lair (5/5) D:8
 Shoals (4/4) Lair:2        Snake (4/4) Lair:3        Slime (0/5) Lair:4
    Orc (2/2) D:10            Elf (3/3) Orc:2        Vaults (0/5) D:14
 Depths (0/4) D:15         Bailey (visited)           IceCv (visited)

Altars:
Ashenzari
Cheibriados
Dithmenos
Elyvilon
Fedhas
Gozag
Hepliaklqana
Kikubaaqudgha
Makhleb
Nemelex Xobeh
Okawaru
Qazlal
Ru
Sif Muna
Trog
Uskayaw
Vehumet
Wu Jian
Xom
Yredelemnul
Zin
The Shining One
Beogh

Shops:
D:5 *[   D:8 :   D:15 [   Orc:2 (?[=   Elf:1 !   Elf:2 ?   Elf:3 **?[:
Snake:2 *   Snake:4 [:*!*

Portals:
Trove: Elf:1 (give 7 potions of haste)

Annotations:
D:8 2 runed translucent doors, community's ghost, novice MiFi
D:15 2 transporters, Gerimuc's ghost, journeyman SpEn
Elf:2 3 runed translucent doors


Message History

The naga warrior is lightly wounded.
You carve the salamander like a ham!!! You freeze the salamander.
You kill the salamander!
Trog accepts your kill.
You slash the salamander! You freeze the salamander.
You feel sick. The salamander barely misses you.
The naga warrior hits you with a +0 battleaxe!
* * * LOW HITPOINT WARNING * * *
The naga warrior constricts you.
You closely miss the naga warrior.
The naga warrior is lightly wounded.
You slice the salamander!! You freeze the salamander.
You kill the salamander!
Trog accepts your kill.
You hear a sizzling splash.
The naga warrior hits you with a +0 battleaxe!
* * * LOW HITPOINT WARNING * * *
The naga warrior constricts you.
You barely miss the naga warrior.
The naga warrior is lightly wounded.
You feel sick. The naga warrior loses its grip on you.
You closely miss the naga warrior. x2; You feel sick.
You closely miss the naga warrior.
The naga warrior is lightly wounded.
The naga warrior blocks your attack.
You feel sick.
The naga warrior hits you but does no damage.
The naga warrior grabs you. The naga warrior constricts you.
The naga warrior spits poison at you. The splash of poison hits you.
You resist.
* * * LOW HITPOINT WARNING * * *
You slash the naga warrior! You freeze the naga warrior.
The naga warrior is moderately wounded.
You hit the naga warrior. You freeze the naga warrior.
You slash the naga warrior! You freeze the naga warrior.
The naga warrior is heavily wounded.
The naga warrior blocks your attack.
You feel sick.
The naga warrior hits you with a +0 scimitar.
* * * LOW HITPOINT WARNING * * *
The naga warrior hits you with a +0 battleaxe!!
You die...

#..#######..#.....
##...)..)..###....
#...))###### ##...
##'')## ##..
###.....### ##.
#...≈≈≈...# ##
#.#).≈≈≈..#.# # #
#).≈§§..#
#N@≈≈≈..#
#..N≈≈≈...#
###.....###
##'#'## ......
#### ...... #...
......# ##..
....... ### #


You could see 2 naga warriors.

Vanquished Creatures
  Mara (Snake:3)
  Saint Roka (Orc:1)
  Vashnia (Snake:3)
  Nikola (Snake:3)
  A tentacled monstrosity (Abyss:4)
  2 deep elf blademasters
  A Hell Sentinel (Abyss:2)
  2 deep elf master archers (Elf:3)
  Polyphemus (Shoals:3)
  A tentacled starspawn (Elf:1)
  2 krakens
  Gastronok (Lair:1)
  3 nagarajas
  Ilsuiw (Shoals:3)
  3 deep elf sorcerers
  A balrug (Abyss:2)
  A draconian scorcher (Abyss:2)
  6 deep elf elementalists (Elf:3)
  Louise (Elf:1)
  An ironbound preserver (D:14)
  2 reapers
  The ghost of yey the Pulveriser, a journeyman MiGl of Qazlal (Orc:2)
  A formless jellyfish (Shoals:3)
  Nessos (Orc:2)
  5 deep elf demonologists (Elf:3)
  4 deep elf death magi (Elf:3)
  10 deep elf annihilators
  The ghost of Bijonif the Thaumaturge, a journeyman DECj of Vehumet (Orc:1)
  2 eidola (Abyss:2)
  An ettin (Orc:2)
  A quicksilver dragon zombie (D:15)
  6 merfolk javelineers
  An entropy weaver (shapeshifter) (Elf:3)
  4 merfolk impalers
  Josephine (Lair:3)
  5 deep elf high priests (Elf:3)
  Erolcha (Orc:2)
  2 catoblepae
  A rakshasa (D:15)
  2 vault guards (Bailey)
  8 anacondas
  4 hydras
  3 merfolk avatars
  6 boulder beetles
  13 merfolk aquamancers
  An alligator (Lair:4)
  3 centaur warriors
  8 dancing weapons
  5 two-headed ogres
  2 alligator snapping turtles
  3 satyrs (Shoals:4)
  8 death yaks
  11 naga sharpshooters
  An orc high priest (Orc:1)
  A demonic crawler (Abyss:2)
  4 thrashing horrors
  11 naga warriors
  Urug (Lair:5)
  7 shock serpents
  18 deep elf knights
  Nergalle (Lair:2)
  2 salamander mystics
  A wretched star (Abyss:4)
  Lodul (D:13)
  2 sun demons (Abyss:2)
  7 skeletal warriors
  6 skysharks
  7 sea snakes
  A goliath frog (Lair:5)
  9 mana vipers
  A glowing orange brain (Abyss:2)
  2 arcanists
  14 large abominations
  12 deep elf archers
  2 flayed ghosts
  10 naga ritualists
  A lindwurm (Lair:4)
  25 deep elf pyromancers
  A lindwurm (shapeshifter) (D:9)
  A harpy (shapeshifter) (D:15)
  9 harpies
  30 deep elf zephyrmancers
  Pikel (D:4)
  A necromancer (D:15)
  11 ugly things
  14 salamanders
  9 orc sorcerers (Orc:2)
  6 cyclopes
  2 worldbinders (Abyss:2)
  10 merfolk sirens
  17 manticores
  6 fauns
  Maurice (Orc:2)
  4 kobold blastminers (Orc:1)
  3 meliai (D:15)
  5 guardian serpents
  13 naga magi
  4 smoke demons
  6 elephants (Lair:3)
  A meliai (shapeshifter) (D:13)
  9 water nymphs
  44 black mambas
  Jeremiah (D:6)
  26 cane toads
  An ice statue (IceCv)
  3 gargoyles
  6 rime drakes
  3 efreet
  10 komodo dragons
  An ancient zyme (Abyss:2)
  2 anaconda simulacra (IceCv)
  3 polar bears
  10 starcursed masses
  A queen bee (D:9)
  33 merfolk
  A hellwing (Abyss:2)
  A troll (shapeshifter) (D:14)
  A polar bear (shapeshifter) (D:14)
  7 trolls
  4 tyrant leeches (Lair:5)
  9 wind drakes
  A hornet (D:9)
  Grinder (D:3)
  7 raiju (Abyss:2)
  16 blink frogs (Lair:5)
  A spriggan zombie (D:15)
  A raiju (shapeshifter) (D:15)
  Prince Ribbit (Bailey)
  4 dream sheep (Lair:4)
  10 snapping turtles
  A shadow (D:13)
  2 ynoxinuls (Abyss:2)
  Sigmund (D:4)
  20 water elementals
  3 air elementals
  7 wyverns
  5 slime creatures
  11 yaks (D:11)
  5 wraiths
  2 humans (Bailey)
  A basilisk (Lair:2)
  3 death yak simulacra (IceCv)
  4 wargs (Orc:2)
  6 fire elementals
  A steam dragon (shapeshifter) (D:15)
  A steam dragon (D:8)
  11 vampire mosquitoes
  A chaos spawn (Abyss:2)
  A harpy simulacrum (IceCv)
  A neqoxec (Abyss:2)
  32 nagas
  Edmund (D:5)
  2 acid dragons
  3 hydra simulacra (IceCv)
  11 water moccasins
  24 orc warriors
  An ettin simulacrum (Abyss:2)
  19 ogres
  15 laughing skulls
  9 small abominations
  An ice beast (D:6)
  6 wolves
  9 centaurs
  Blork the orc (D:4)
  2 phantoms
  A kobold brigand (D:6)
  4 earth elementals
  31 bullfrogs
  8 scorpions
  2 cane toad simulacra (IceCv)
  A gnoll sergeant (D:8)
  9 two-headed ogre simulacra (IceCv)
  8 wights
  38 killer bees
  2 elephant simulacra (IceCv)
  An electric eel (D:8)
  3 howler monkeys
  7 jellies
  5 hounds
  Crazy Yiuf (D:2)
  19 orc priests
  A gnoll bouda (D:9)
  6 iron imps (Abyss:2)
  4 iguanas
  2 sleepcaps
  Natasha (thrice) (D:3)
  Terence (D:3)
  33 orc wizards
  2 polar bear simulacra (IceCv)
  5 spriggan simulacra (IceCv)
  5 troll simulacra (IceCv)
  A wolf simulacrum (IceCv)
  9 gnolls
  6 naga simulacra (IceCv)
  8 adders
  A shadow imp (D:7)
  7 white imps
  5 ufetubi
  5 dart slugs
  95 orcs
  19 endoplasms
  5 giant cockroaches
  10 hobgoblins
  12 jackals
  A quokka (D:4)
  8 ball pythons
  3 bats
  6 frilled lizards
  12 goblins
  15 kobolds
  6 rats
  7 tentacles
1345 creatures vanquished.

Vanquished Creatures (collateral kills)
  A merfolk impaler (Shoals:1)
  A centaur warrior (D:14)
  An anaconda (Snake:3)
  A merfolk aquamancer (Shoals:4)
  A naga warrior (Snake:1)
  A tengu warrior (D:14)
  A wretched star (Abyss:2)
  2 cyclopes (D:14)
  A water nymph (Shoals:4)
  A gargoyle (D:14)
  A queen bee (shapeshifter) (D:14)
  A merfolk (Shoals:4)
  A wind drake (Shoals:1)
  A starspawn tentacle (Abyss:2)
15 creatures vanquished.

Vanquished Creatures (others)
  2 deep elf zephyrmancers (Elf:1)
  A golden eye (Abyss:2)
  A vampire mosquito (D:15)
  A starcursed mass (Abyss:2)
  2 orc wizards (Orc:2)
  A centaur simulacrum (D:9)
  5 starspawn tentacles
  10 tentacles
23 creatures vanquished.

Grand Total: 1383 creatures vanquished

Notes
Turn   | Place    | Note
-------+----------+-------------------------------------------
     0 | D:1      | bearlyready the Hill Orc Berserker began the quest for the
                  | Orb.
     0 | D:1      | Reached XP level 1. HP: 19/19 MP: 1/1
   277 | D:1      | Reached XP level 2. HP: 20/26 MP: 2/2
   449 | D:1      | Reached skill level 5 in Axes
  1165 | D:2      | Reached XP level 3. HP: 31/31 MP: 3/3
  1386 | D:2      | Reached ** piety under Trog
  1482 | D:2      | Reached skill level 6 in Axes
  1684 | D:2      | Found a runed translucent door.
  1685 | D:2      | Noticed Crazy Yiuf
  1771 | D:2      | Found an iron altar of Okawaru.
  1771 | D:2      | Found a glowing golden altar of the Shining One.
  1771 | D:2      | Found a hide-covered altar of Uskayaw.
  1771 | D:2      | Found an ornate altar of the Wu Jian Council.
  1771 | D:2      | Found an iron altar of Okawaru.
  1771 | D:2      | Found a shimmering blue altar of Sif Muna.
  1783 | D:2      | Reached XP level 4. HP: 39/39 MP: 1/4
  1791 | D:2      | Reached skill level 7 in Axes
  2214 | D:3      | Reached XP level 5. HP: 42/45 MP: 5/5
  2265 | D:3      | Noticed Natasha
  2270 | D:3      | Killed Natasha
  2298 | D:3      | Found a sparkling altar of Nemelex Xobeh.
  2317 | D:3      | You fall into a shaft and drop 2 floors!
  2317 | D:5      | Entered Level 5 of the Dungeon
  2481 | D:5      | Reached skill level 8 in Axes
  2677 | D:3      | Noticed Grinder
  2705 | D:3      | Killed Grinder
  2706 | D:3      | Reached skill level 9 in Axes
  2706 | D:3      | Reached XP level 6. HP: 15/51 MP: 3/6
  2846 | D:3      | Noticed Terence
  2854 | D:3      | Killed Terence
  2855 | D:3      | Reached XP level 7. HP: 53/57 MP: 5/7
  2884 | D:3      | Noticed Natasha
  2889 | D:3      | Killed Natasha
  2906 | D:3      | Noticed Natasha
  2910 | D:3      | Killed Natasha
  3105 | D:3      | Identified the +3 pair of boots of the Gloaming {rF+ rC+
                  | SInv}
  3358 | D:3      | Reached *** piety under Trog
  3545 | D:2      | Killed Crazy Yiuf
  3646 | D:4      | Noticed Sigmund
  3666 | D:4      | Killed Sigmund
  3667 | D:4      | Reached skill level 10 in Axes
  3667 | D:4      | Reached skill level 1 in Throwing
  3693 | D:4      | Reached XP level 8. HP: 36/64 MP: 3/8
  3933 | D:4      | Identified a scroll of acquirement
  4312 | D:4      | Noticed Pikel
  4323 | D:4      | Killed Pikel
  4324 | D:4      | Reached skill level 11 in Axes
  4324 | D:4      | Reached skill level 5 in Evocations
  4424 | D:4      | Noticed Blork the orc
  4443 | D:4      | Killed Blork the orc
  4603 | D:4      | Reached XP level 9. HP: 70/70 MP: 9/9
  5112 | D:5      | Noticed Edmund
  5135 | D:5      | Killed Edmund
  5309 | D:5      | Found a hide-covered altar of Uskayaw.
  5317 | D:5      | Reached skill level 12 in Axes
  5399 | D:5      | Found Arorghamp's Armour Boutique.
  5482 | D:5      | Found Xuozxiwk's General Store.
  5491 | D:5      | Bought a scroll of blinking for 90 gold pieces
  5961 | D:6      | Found a staircase to the Ecumenical Temple.
  5971 | D:6      | Reached skill level 13 in Axes
  6112 | D:6      | Noticed Jeremiah
  6255 | D:6      | Killed Jeremiah
  6479 | D:6      | Reached skill level 14 in Axes
  6502 | D:6      | Reached **** piety under Trog
  6955 | Temple   | Entered the Ecumenical Temple
  7318 | D:7      | Reached skill level 15 in Axes
  7318 | D:7      | Reached XP level 10. HP: 68/77 MP: 6/10
  7497 | D:7      | Identified the +0 scale mail "Lothrevu" {Int+6}
  7629 | D:7      | Found a shimmering blue altar of Sif Muna.
  7986 | D:7      | Reached skill level 16 in Axes
  8649 | D:8      | Noticed a sixfirhy
  8651 | D:8      | Found a runed translucent door.
  9116 | D:8      | Found a runed translucent door.
  9119 | D:8      | Noticed community's ghost (novice MiFi)
  9119 | D:8      | Identified the +2 spear of Honour {protect, rElec MP+9}
  9185 | D:8      | Identified the +5 hat of Failure {+Blink rN+ rCorr Str+3}
  9217 | D:8      | Found a staircase to the Lair.
  9487 | D:8      | Found Ygecok's Book Emporium.
  9650 | D:9      | Noticed a two-headed ogre
  9654 | D:9      | Reached skill level 17 in Axes
  9669 | D:9      | Killed a two-headed ogre
  9828 | D:9      | Found a flagged portal.
  9842 | Bailey   | Entered a bailey
  9900 | Bailey   | Reached skill level 18 in Axes
 10063 | Bailey   | Reached XP level 11. HP: 64/84 MP: 7/11
 10187 | Bailey   | Noticed a vault guard
 10193 | Bailey   | Noticed Prince Ribbit
 10210 | Bailey   | Killed Prince Ribbit
 10211 | Bailey   | Reached skill level 5 in Fighting
 10211 | Bailey   | Killed a vault guard
 10216 | Bailey   | Noticed a vault guard
 10236 | Bailey   | Killed a vault guard
 10516 | D:9      | Noticed a centaur warrior
 10527 | D:9      | Killed a centaur warrior
 10528 | D:9      | Reached skill level 19 in Axes
 10535 | D:9      | Noticed a lindwurm
 10546 | D:9      | Killed a lindwurm
 10552 | D:9      | Reached ***** piety under Trog
 10555 | D:9      | Noticed a cyclops
 10558 | D:9      | Noticed a two-headed ogre
 10756 | D:9      | Acquired a +5 executioner's axe of draining
 10788 | D:9      | Noticed a cyclops
 10796 | D:9      | Killed a cyclops
 10827 | D:9      | Noticed a cyan ugly thing
 10836 | D:9      | Killed a cyan ugly thing
 11246 | D:9      | Killed a two-headed ogre
 11270 | D:9      | Identified the ring "Fonuipolu" {Str+5 SInv}
 11275 | D:9      | Identified the +8 mace "Edusy" {flame, ^Fragile Int+6}
 11294 | D:9      | Found a runed translucent door.
 11294 | D:9      | Found a runed translucent door.
 11473 | D:9      | Killed a cyclops
 11474 | D:9      | Reached XP level 12. HP: 99/103 MP: 12/12
 11730 | D:10     | Entered Level 10 of the Dungeon
 11731 | D:10     | Identified the ring of Torghosh {rElec rN+ Int+4 SInv}
 11975 | D:10     | Reached skill level 20 in Axes
 12061 | D:10     | Reached skill level 5 in Throwing
 12393 | D:10     | Found a shadowy altar of Dithmenos.
 12483 | D:10     | Found a staircase to the Orcish Mines.
 12487 | D:10     | Received a gift from Trog
 12914 | D:11     | Noticed a boulder beetle
 12920 | D:11     | Killed a boulder beetle
 13034 | D:11     | Reached skill level 10 in Fighting
 13523 | D:12     | Noticed a two-headed ogre
 13528 | D:12     | Killed a two-headed ogre
 13847 | D:12     | Identified the +11 trident "Goblin's Doom" {drain, ^Contam
                  | Dex+4 SInv}
 13991 | D:12     | Reached XP level 13. HP: 114/114 MP: 13/13
 14951 | D:13     | Noticed Lodul
 14962 | D:12     | Reached skill level 21 in Axes
 15521 | D:13     | Identified the amulet "Ympupus" {RegenMP rF++}
 15705 | D:13     | Killed Lodul
 16036 | D:14     | Reached skill level 5 in Armour
 16247 | D:14     | Found a gate to the Vaults.
 16247 | D:14     | Noticed an ironbound preserver
 16254 | D:14     | Reached skill level 10 in Evocations
 16255 | D:14     | Killed an ironbound preserver
 16268 | D:14     | Reached XP level 14. HP: 72/125 MP: 7/14
 16867 | D:14     | Received a gift from Trog
 17308 | D:15     | Entered Level 15 of the Dungeon
 17312 | D:15     | Reached skill level 5 in Dodging
 17354 | D:15     | Found a staircase to the Depths.
 17611 | D:15     | Found Ozxudem's Armour Shop.
 17631 | D:15     | Bought a +2 pair of gloves of hurling for 301 gold pieces
 17991 | D:15     | Found a transporter.
 17993 | D:15     | Noticed Gerimuc's ghost (journeyman SpEn)
 17994 | D:15     | Found a transporter.
 17995 | D:15     | Noticed a tengu reaver
 18349 | Orc:1    | Entered Level 1 of the Orcish Mines
 18449 | Orc:1    | Found a runed translucent door.
 18538 | Orc:1    | Noticed Bijonif's ghost (journeyman DECj)
 18562 | Orc:1    | Killed Bijonif's ghost
 18719 | Orc:2    | Entered Level 2 of the Orcish Mines
 18725 | Orc:2    | Noticed Nessos
 18727 | Orc:2    | Noticed Saint Roka
 18729 | Orc:2    | Killed Nessos
 18982 | Orc:1    | Reached skill level 22 in Axes
 18991 | Orc:1    | Killed Saint Roka
 19189 | Orc:2    | Noticed Maurice
 19211 | Orc:2    | Killed Maurice
 19332 | Orc:2    | Found a runed translucent gate.
 19334 | Orc:2    | Found a runed translucent gate.
 19335 | Orc:2    | Found a runed translucent gate.
 19416 | Orc:2    | Found a staircase to the Elven Halls.
 19523 | Orc:2    | Reached ****** piety under Trog
 19533 | Orc:2    | Found Boanuub's Jewellery Emporium.
 19574 | Orc:2    | Found Lepseiggil's Antique Weapon Shoppe.
 19589 | Orc:2    | Paralysed by an orc sorcerer for 2 turns
 19666 | Orc:2    | Found an ancient bone altar of Kikubaaqudgha.
 19671 | Orc:2    | Reached XP level 15. HP: 117/136 MP: 12/15
 19683 | Orc:2    | Received a gift from Trog
 19789 | Orc:2    | Noticed Erolcha
 19797 | Orc:2    | Killed Erolcha
 19804 | Orc:2    | Found a radiant altar of Vehumet.
 19828 | Orc:2    | Found a roughly hewn altar of Beogh.
 19851 | Orc:2    | Found Ziash's Magic Scroll Emporium.
 19856 | Orc:2    | Found Ugisoped's Antique Armour Shoppe.
 19859 | Orc:2    | Bought a scroll of teleportation for 48 gold pieces
 19859 | Orc:2    | Bought a scroll of blinking for 120 gold pieces
 19859 | Orc:2    | Bought a scroll of teleportation for 48 gold pieces
 19859 | Orc:2    | Bought a scroll of teleportation for 48 gold pieces
 19859 | Orc:2    | Bought a scroll of revelation for 120 gold pieces
 19870 | Orc:2    | Bought a pair of runed boots for 187 gold pieces
 19886 | Orc:2    | Bought a pair of distressingly furry gloves for 237 gold
                  | pieces
 19886 | Orc:2    | Identified the +0 pair of gloves of Deocsodd {Dex+7 SInv}
                  | (You bought it in a shop on level 2 of the Orcish Mines)
 20549 | Orc:2    | Noticed yey's ghost (journeyman MiGl)
 20566 | Orc:2    | Killed yey's ghost
 21046 | Orc:1    | Found a roughly hewn altar of Beogh.
 21048 | Orc:1    | Identified the +6 battleaxe "Ihuintil" {flame, rF+ rN+}
                  | (Trog gifted it to you on level 1 of the Orcish Mines)
 21048 | Orc:1    | Received a gift from Trog
 21347 | Lair:1   | Entered Level 1 of the Lair of Beasts
 21560 | Lair:1   | Noticed Gastronok
 21569 | Lair:1   | Killed Gastronok
 22829 | Lair:2   | Noticed Nergalle
 22839 | Lair:2   | Killed Nergalle
 22900 | Lair:2   | Found a staircase to the Shoals.
 23376 | Lair:3   | Noticed Josephine
 23382 | Lair:3   | Killed Josephine
 23805 | Lair:3   | Found a staircase to the Snake Pit.
 24230 | Lair:4   | Found a frozen archway.
 24233 | Lair:4   | Received a gift from Trog
 24247 | IceCv    | Entered an ice cave
 24929 | IceCv    | Identified the +5 dagger of Ceh Nugo {freeze, rElec rF+++
                  | rC+ Int-5}
 25135 | Lair:4   | Reached skill level 10 in Armour
 25144 | Lair:4   | Reached skill level 23 in Axes
 25144 | Lair:4   | Reached XP level 16. HP: 145/147 MP: 16/16
 25145 | Lair:4   | Found a staircase to the Slime Pits.
 25417 | Lair:4   | Identified the +6 mace "Xachad" {protect, *Noise rC+++
                  | Will+ Stlth+}
 26109 | Lair:5   | Entered Level 5 of the Lair of Beasts
 26217 | Lair:5   | Received a gift from Trog
 26411 | Lair:5   | Noticed Urug
 26417 | Lair:5   | Killed Urug
 26599 | Lair:5   | Reached skill level 15 in Fighting
 27236 | Shoals:1 | Entered Level 1 of the Shoals
 28369 | Shoals:1 | Identified the +8 battleaxe of Fagusmorph {flame, ^Drain
                  | rPois rCorr} (Trog gifted it to you on level 1 of the
                  | Shoals)
 28369 | Shoals:1 | Received a gift from Trog
 30009 | Shoals:2 | Reached XP level 17. HP: 144/157 MP: 13/17
 30623 | Shoals:3 | Noticed Ilsuiw
 30639 | Shoals:3 | Killed Ilsuiw
 30663 | Shoals:3 | Reached skill level 24 in Axes
 31062 | Shoals:3 | Noticed Polyphemus
 31075 | Shoals:3 | Killed Polyphemus
 31332 | Shoals:3 | Noticed a kraken
 31338 | Shoals:3 | Killed a kraken
 31744 | Shoals:4 | Entered Level 4 of the Shoals
 31755 | Shoals:4 | Noticed a kraken
 31758 | Shoals:4 | Paralysed by a formless jellyfish for 1 turns
 31761 | Shoals:3 | Paralysed by a formless jellyfish for 1 turns
 31769 | Shoals:3 | Paralysed by a formless jellyfish for 1 turns
 32160 | Shoals:4 | Killed a kraken
 33676 | Shoals:4 | Received a gift from Trog
 33728 | Shoals:4 | HP: 4/160 [merfolk/+0 trident (10)]
 33735 | Shoals:4 | HP: 8/160 [water nymph/the raging water (21)]
 35109 | Shoals:4 | Got a barnacled rune of Zot
 35357 | Elf:1    | Entered Level 1 of the Elven Halls
 35368 | Elf:1    | Reached XP level 18. HP: 167/169 MP: 16/18
 35586 | Elf:1    | Noticed Louise
 35593 | Elf:1    | Received a gift from Trog
 35609 | Abyss:2  | Cast into level 2 of the Abyss (Louise)
 36046 | Abyss:2  | Reached skill level 25 in Axes
 36112 | Abyss:2  | Noticed a Hell Sentinel
 36119 | Abyss:2  | Reached skill level 15 in Evocations
 36137 | Abyss:2  | Killed a Hell Sentinel
 36150 | Elf:1    | Escaped the Abyss
 36156 | Elf:1    | Found a portal to a secret trove of treasure.
 36401 | Elf:1    | Found a huge runed translucent gate.
 36401 | Elf:1    | Found a huge runed translucent gate.
 36401 | Elf:1    | Found a huge runed translucent gate.
 36401 | Elf:1    | Found a huge runed translucent gate.
 36401 | Elf:1    | Noticed a deep elf blademaster
 36402 | Elf:1    | Found a huge runed translucent gate.
 36402 | Elf:1    | Found a huge runed translucent gate.
 36402 | Elf:1    | Found a huge runed translucent gate.
 36412 | Elf:1    | Killed a deep elf blademaster
 36413 | Elf:1    | Found a huge runed translucent gate.
 36413 | Elf:1    | Found a huge runed translucent gate.
 36413 | Elf:1    | Found a huge runed translucent gate.
 36413 | Elf:1    | Found a huge runed translucent gate.
 36414 | Elf:1    | Found a huge runed translucent gate.
 36414 | Elf:1    | Found a huge runed translucent gate.
 36414 | Elf:1    | Found a huge runed translucent gate.
 36414 | Elf:1    | Found a huge runed translucent gate.
 36414 | Elf:1    | Found a huge runed translucent gate.
 36414 | Elf:1    | Found a huge runed translucent gate.
 36414 | Elf:1    | Found a huge runed translucent gate.
 36414 | Elf:1    | Found a huge runed translucent gate.
 36414 | Elf:1    | Found a huge runed translucent gate.
 37014 | Elf:1    | Killed Louise
 37014 | Elf:1    | Received a gift from Trog
 37129 | Elf:1    | Found Moijeal's Distillery.
 37142 | Elf:1    | Bought a potion of heal wounds for 70 gold pieces
 37142 | Elf:1    | Bought 2 potions of haste for 280 gold pieces
 37142 | Elf:1    | Bought a potion of curing for 42 gold pieces
 37142 | Elf:1    | Bought a potion of heal wounds for 70 gold pieces
 37142 | Elf:1    | Bought a potion of heal wounds for 70 gold pieces
 38049 | Elf:2    | Found Rufud's Magic Scroll Boutique.
 38144 | Elf:2    | Bought a scroll of fog for 72 gold pieces
 38144 | Elf:2    | Bought a scroll of fear for 72 gold pieces
 38281 | Elf:2    | Found a runed translucent gate.
 38281 | Elf:2    | Found a runed translucent gate.
 38281 | Elf:2    | Found a runed translucent gate.
 38330 | Elf:3    | Entered Level 3 of the Elven Halls
 38340 | Elf:2    | Paralysed by an air elemental for 1 turns
 38613 | Elf:2    | Received a gift from Trog
 38814 | Elf:3    | Reached XP level 19. HP: 123/179 MP: 14/19
 39224 | Elf:3    | Found Rettusoc's Antique Armour Boutique.
 39226 | Elf:3    | Found Wofups's Assorted Antiques.
 39229 | Elf:3    | Found Baam Leci's Book Boutique.
 39229 | Elf:3    | Found Fakeagg's Magic Scroll Boutique.
 39383 | Elf:3    | Bought a scroll of fear for 80 gold pieces
 39383 | Elf:3    | Bought a scroll of teleportation for 60 gold pieces
 39383 | Elf:3    | Bought a scroll of enchant armour for 150 gold pieces
 39383 | Elf:3    | Bought a scroll of revelation for 150 gold pieces
 39386 | Elf:3    | Bought a scroll of teleportation for 90 gold pieces
 39386 | Elf:3    | Bought a scroll of teleportation for 90 gold pieces
 39559 | Elf:3    | Found Rizxatwe's Assorted Antiques.
 39562 | Elf:3    | Bought a scroll of teleportation for 99 gold pieces
 39769 | Elf:3    | Identified the ring of the Manifold Invaders {Fly Dex+4
                  | Stlth+}
 40564 | Elf:3    | Received a gift from Trog
 40587 | Elf:3    | Identified the dragon-blood talisman of Kiyzuo {rCorr}
 40691 | Elf:3    | Reached skill level 15 in Armour
 40764 | Elf:3    | Identified the +4 troll leather armour "Zuotzica" {Regen+
                  | Dex+3}
 40849 | Elf:3    | Noticed a Hell Sentinel
 41066 | Abyss:2  | Cast into level 2 of the Abyss (a deep elf demonologist)
 41172 | Abyss:2  | Reached skill level 26 in Axes
 41242 | Abyss:4  | Noticed a tentacled monstrosity
 41253 | Abyss:4  | Killed a tentacled monstrosity
 41418 | Elf:3    | Escaped the Abyss
 41420 | Elf:3    | Noticed an Ice Fiend
 42098 | Elf:3    | Received a gift from Trog
 42381 | Elf:3    | Identified the +5 trident of Conscience {vamp, rF+ rN+
                  | Str+2 SInv}
 42940 | D:5      | Bought a +4 scale mail of poison resistance for 336 gold
                  | pieces
 42940 | D:5      | Bought a sack of spiders for 480 gold pieces
 43124 | Snake:1  | Entered Level 1 of the Snake Pit
 43785 | Snake:1  | Found a runed translucent gate.
 43787 | Snake:1  | Found a runed translucent gate.
 43788 | Snake:1  | Found a runed translucent gate.
 44009 | Snake:2  | Found Sytan's Assorted Antiques.
 44022 | Snake:1  | Reached XP level 20. HP: 163/191 MP: 16/20
 44649 | Snake:2  | Identified the +11 battleaxe "Geokk" {antimagic, +Blink
                  | rPois} (Trog gifted it to you on level 2 of the Snake Pit)
 44649 | Snake:2  | Received a gift from Trog
 44985 | Snake:2  | Reached skill level 27 in Axes
 45683 | Snake:3  | Acquired a manual of Throwing
 45745 | Snake:3  | Noticed Vashnia
 45762 | Snake:3  | Noticed Nikola
 45809 | Snake:3  | Killed Nikola
 45813 | Snake:3  | Killed Vashnia
 46197 | Snake:3  | Noticed Mara
 47017 | Snake:3  | Noticed bearlyready's illusion
 47023 | Snake:3  | Noticed bearlyready's illusion
 47023 | Snake:3  | Killed Mara
 47197 | Snake:4  | Entered Level 4 of the Snake Pit
 47197 | Snake:4  | Found Kuni's Armour Shop.
 47854 | Snake:4  | Found Lahadeil's Assorted Antiques.
 47854 | Snake:4  | Found Fiucaz's Book Emporium.
 47913 | Snake:4  | Found Ygaumaxi's Assorted Antiques.
 47917 | Snake:4  | Bought a potion of haste for 490 gold pieces
 47917 | Snake:4  | Found Geschat's Distillery.
 47920 | Snake:4  | Bought a potion of heal wounds for 185 gold pieces
 47924 | Snake:4  | Bought a potion of curing for 54 gold pieces
 47924 | Snake:4  | Bought a potion of curing for 54 gold pieces
 47924 | Snake:4  | Bought a potion of haste for 180 gold pieces
 47924 | Snake:4  | Bought a potion of haste for 180 gold pieces
 47924 | Snake:4  | Bought a potion of haste for 180 gold pieces
 47966 | Snake:4  | Received a gift from Trog
 48590 | Snake:4  | Mangled by a naga warrior

Illustrated notes

Levels and vault maps discovered:
D:1:      eino_arrival_tree_alley, layout_basic, serial_bayou,
          serial_bayou_pond_e, serial_bayou_crossing, serial_bayou_lake_a,
          serial_bayou_pond_a, serial_bayou_shore_a, minmay_unequal
D:2:      cheibrodos_fertilizer, layout_loops_ring, minmay_cupped,
          uniq_crazy_yiuf_cottage
D:3:      layout_basic, nemelex_spade_bored_becter, uniq_grinder, uniq_terence,
          uniq_natasha
D:4:      layout_gridville, kennysheep_decorative_pillar, minivault_25,
          minmay_increasing_density, uniq_sigmund, uniq_pikel,
          uniq_blork_the_orc
D:5:      layout_basic, eat_drink_and_be_merry_uskayaw, serial_shops,
          nicolae_shop_hallway_stairs, nicolae_shop_trees, uniq_edmund
D:6:      layout_loops_corners, minmay_temple_entry_stoned_glass,
          hangedman_decor_diamond_cutter, uniq_jeremiah
D:7:      layout_loops_ring, mainiacjoe_overflow_paths, serial_glass,
          glass_columns_c, glass_columns_a, glass_columns_c, glass_columns_c,
          glass_columns_a, minmay_microvault
D:8:      cheibrodos_shockbox, layout_loops_corners, dpeg_oklobed_lair,
          ebering_ghost_funeral_grove, serial_shops,
          nicolae_shop_competitors_out_of_business, amcnicky_mini_pool_medium
D:9:      minmay_the_grid_triangle_9x9_recursive_2
          [minmay_the_grid_triangle_9x9_prize_schism,
          minmay_the_grid_triangle_9x9_intruding_spiral,
          minmay_the_grid_triangle_9x9_tough_junction,
          minmay_the_grid_triangle_9x9_negative_grid], layout_rooms,
          lightli_bailey_entry_fortress, special_room [special_room_bee]
D:10:     layout_basic, grunt_dithmenos_smoke_and_mirrors, david_orc_2,
          kennysheep_diamond, laboratory
D:11:     layout_rooms
D:12:     layout_loops_ring, nrook_guardian_serpent_double
D:13:     layout_basic, kennysheep_generic_room_2, uniq_lodul
D:14:     layout_small_grid, skrybe_vaults_entry_preservation, st_stairs_14
D:15:     gammafunk_depths_entry_grave, layout_cross, gammafunk_ghost_arena,
          serial_shops, shop, kennysheep_doodads
Temple:   mainiacjoe_temple_bowtie_tessellation
Lair:1:   layout_layer_cave, grunt_megastairs_1, uniq_gastronok
Lair:2:   layout_gridlike, shoals_dummy_entry, uniq_nergalle
Lair:3:   layout_hall_layers, nicolae_snake_entry_squirm, uniq_josephine
Lair:4:   layout_small_grid, nicolae_slime_entry_field_trip,
          portal_ice_cave_entry_pillars_2
Lair:5:   minmay_lair_end_frog_pond, layout_regular_city, uniq_urug
Shoals:1: layout_shoals, nicolae_shoals_water_shrine
Shoals:2: layout_shoals
Shoals:3: layout_shoals, uniq_polyphemus, uniq_ilsuiw
Shoals:4: shoals_end_hangedman, layout_shoals, nicolae_shoals_lost_giant_pillars
Snake:1:  layout_rooms, nicolae_snake_horde_hoard
Snake:2:  layout_rooms, serial_shops, nicolae_shop_trees,
          nicolae_snake_naga_rites
Snake:3:  layout_gridlike, uniq_vashnia, uniq_mara, uniq_nikola
Snake:4:  grunt_snake_rune_pools, layout_onion_interference, serial_shops, shop,
          minmay_shoptagon, serial_bayou_shore_b, grunt_megastairs_4
Orc:1:    layout_caves, basic_altar, ebering_ghost_reflecting_pool,
          minmay_orc_temple_c
Orc:2:    kennysheep_orc_mage_school, layout_diamond_mine,
          ebering_ghost_rock_garden, uniq_nessos, uniq_maurice, uniq_saint_roka
Elf:1:    nicolae_elf_arrival_aired_out, layout_loops_cross,
          nicolae_trove_entry_isolated, serial_shops, nicolae_lakefront_shop,
          hangedman_elf_represent, item_on_display_a, uniq_louise
Elf:2:    elven_hall_of_blades_hangedman_original [mumra_blade_entry_dagger],
          layout_geoelf_grid, serial_shops, shop, uniq_aizul, uniq_agnes
Elf:3:    minmay_elf_hall_spiked, layout_loops_cross, serial_shops,
          nicolae_shop_real_fake_doors, minmay_shop_grid_forest

Skill      XL: |  1  2  3  4  5  6  7  8  9 10 11 12 13 14 15 16 17 18 19 20 |
---------------+-------------------------------------------------------------+-----
Axes           | 5 6 7 9 10 11 15 18 19 20 21 22 23 24 25 26 27 | 27.0
Evocations     | 2 4 5 6 7 8 10 11 12 13 14 15 16 17 | 17.3
Throwing       | 1 3 4 6 7 9 |  9.3
Fighting       | 4 8 10 11 13 14 15 17 18 19 20 | 20.2
Dodging        | 4 6 7 |  7.0
Armour         | 5 8 10 11 13 14 15 17 | 17.8

Action                     |  1- 3 |  4- 6 |  7- 9 | 10-12 | 13-15 | 16-18 | 19-21 || total
---------------------------+-------+-------+-------+-------+-------+-------+-------++-------
  Melee: Hand axe          |   121 |    28 |       |       |       |       |       ||   149
         War axe           |       |    74 |   174 |       |       |       |       ||   248
         Punch             |       |     3 |     3 |       |       |       |       ||     6
         Battleaxe         |       |       |   176 |   241 |       |       |       ||   417
         Executioner's axe |       |       |       |   213 |   764 |   928 |   665 ||  2570
  Throw: Dart              |       |     3 |    17 |    21 |     1 |       |     3 ||    45
         Boomerang         |       |       |     3 |    13 |     2 |    22 |    20 ||    60
         Javelin           |       |       |       |       |       |     5 |    11 ||    16
 Invoke: Berserk           |     1 |     1 |     4 |     9 |     8 |     3 |     7 ||    33
         Trog's Hand       |       |       |       |       |       |     2 |     2 ||     4
         Brothers in Arms  |       |       |       |       |       |     2 |     3 ||     5
  Evoke: Wand              |       |     2 |     1 |     5 |     6 |    50 |     3 ||    67
         Condenser vane    |       |       |       |       |     2 |     2 |     2 ||     6
         Phantom mirror    |       |       |       |       |     1 |     3 |     1 ||     5
         Lightning rod     |       |       |       |       |       |     9 |       ||     9
         Phial of floods   |       |       |       |       |       |     2 |     2 ||     4
         Sack of spiders   |       |       |       |       |       |       |     2 ||     2
    Use: Scroll            |       |     6 |    10 |    11 |    13 |     9 |     7 ||    56
         Potion            |       |       |       |     1 |     1 |     7 |     3 ||    12
   Stab: Paralysed         |       |     2 |       |     3 |     2 |     5 |       ||    12
         Petrified         |       |       |       |       |       |     6 |       ||     6
         Invisible         |       |       |       |       |       |     2 |       ||     2
         Distracted        |       |       |       |       |       |     1 |       ||     1
 Armour: Animal skin       |    13 |       |       |       |       |       |       ||    13
         Ring mail         |    60 |    52 |       |       |       |       |       ||   112
         Skin              |     2 |       |       |       |       |       |       ||     2
         Scale mail        |       |     1 |       |       |       |       |   324 ||   325
         Chain mail        |       |       |   278 |   459 |   504 |   902 |   224 ||  2367
  Dodge: Dodged            |    57 |    82 |   154 |   219 |   411 |   618 |   443 ||  1984
